 Dungeon Crawl Stone Soup version 0.29.1-13-g9f3cf754e1 (webtiles) character file.

Game seed: 12284608358311783905

609 Sneforious the Cudgeller (level 7, -3/44 HPs)
             Began as a Gargoyle Fighter on Feb 4, 2023.
             Slain by an orc warrior
             ... wielding a +0 short sword
              (12 damage)
             ... on level 7 of the Dungeon.
             The game lasted 00:23:22 (5266 turns).

Sneforious the Cudgeller (Gargoyle Fighter)         Turns: 5266, Time: 00:23:23

Health: -3/44      AC: 13    Str: 28    XL:     7   Next: 43%
Magic:  7/7        EV:  9    Int:  8    God:
Gold:   68         SH:  4    Dex:  9    Spells: 3/6 levels left

rFire   . . .      SeeInvis .   v - +2 spear (flame)
rCold   . . .      Faith    .   c - +0 buckler
rNeg    + . .      Spirit   .   m - +0 scale mail
rPois   ∞          Reflect  .   (no helmet)
rElec   +          Harm     .   (no cloak)
rCorr   .          Rampage  .   (no gloves)
Will    .....                   p - +0 pair of boots
Stlth   ..........              (no amulet)
HPRegen 0.14/turn               k - +6 ring of strength
MPRegen 0.10/turn               (no ring)

@: no status effects
A: sickness immunity, AC +4, negative energy resistance 1, electricity
resistance, torment resistance 1, petrification resistance
a: no special abilities


You were on level 7 of the Dungeon.
You visited 1 branch of the dungeon, and saw 5 of its levels.

You collected 150 gold pieces.
You spent 82 gold pieces at shops.

Inventory:

Hand Weapons
 a - a +0 flail
 b - a +0 sling
 u - a +2 whip of flaming
 v - a +2 spear of flaming (weapon)
Missiles
 q - 23 stones (quivered)
 y - 3 boomerangs
Armour
 c - a +0 buckler (worn)
 m - a +0 scale mail (worn)
 p - a +0 pair of boots (worn)
Jewellery
 k - a +6 ring of strength (left hand)
Scrolls
 e - 2 scrolls of amnesia {unknown}
 f - 2 scrolls of fog
 g - 2 scrolls of identify
 h - a scroll of vulnerability {unknown}
 i - a scroll of poison
 l - 2 scrolls of immolation {unknown}
 o - 2 scrolls of noise
 s - 2 scrolls of teleportation
 z - a scroll of enchant weapon
Potions
 d - 2 potions of curing
 j - 6 potions of lignification
 n - 2 potions of heal wounds {unknown}
 r - a potion of attraction {unknown}
 t - a potion of mutation {unknown}
 w - a potion of resistance {unknown}
 x - a potion of brilliance {unknown}
 A - 3 potions of degeneration {unknown}


   Skills:
 * Level 4.7 Fighting
 * Level 5.5 Maces & Flails
 + Level 1.0 Polearms
 + Level 0.2 Throwing
 + Level 5.3 Armour
 - Level 0.4 Dodging
 + Level 0.4 Stealth
 + Level 3.9 Shields


You had 3 spell levels left.
You knew the following spells:

 Your Spells              Type           Power      Damage    Failure   Level
a - Ignite Poison         Fire/Tmut/Pois 0%         N/A       98%         3

Your spell library contained the following spells:

 Spells                   Type           Power      Damage    Failure   Level
 Freeze                   Ice            0%         1d3       75%         1
 Frozen Ramparts          Ice            0%         1d1       98%         3
 Mephitic Cloud           Conj/Pois/Air  0%         N/A       98%         3
 Hailstorm                Conj/Ice       0%         3d3       100%        4
 Freezing Cloud           Conj/Ice/Air   0%         6-21      100%        5


Dungeon Overview and Level Annotations

Branches:
Dungeon (4/15)
 Temple: D:4-7

Altars:
Gozag
Nemelex Xobeh

Shops:
D:1 =   D:4 !:(?


Innate Abilities, Weirdness & Mutations

You are immune to sickness and miasma.
Your stone body is resilient. (AC +4)
You are immune to poison.
You resist negative energy. (rN+)
You are resistant to electric shocks. (rElec)
You are resistant to unholy torment.
You are immune to petrification.


Message History

The orc warrior is lightly wounded.
The orc warrior hits you with a +0 short sword!
* * * LOW HITPOINT WARNING * * *
Okay, then.
It was a potion of curing.
You feel better.
The orc warrior hits you but does no damage.
You hit the orc warrior. You burn the orc warrior.
The orc warrior is lightly wounded.
The orc warrior hits you but does no damage.
You barely miss the orc warrior.
The orc warrior is lightly wounded.
The orc warrior hits you with a +0 short sword.
You hit the orc warrior but do no damage.
The orc warrior is lightly wounded.
The orc warrior closely misses you.
You closely miss the orc warrior.
The orc warrior is lightly wounded.
The orc warrior completely misses you.
You hit the orc warrior but do no damage.
The orc warrior is lightly wounded.
The orc warrior hits you with a +0 short sword!
* * * LOW HITPOINT WARNING * * *
You closely miss the orc warrior.
The orc warrior is lightly wounded.
The orc warrior barely misses you.
You hit the orc warrior. You burn the orc warrior.
The orc warrior is moderately wounded.
You block the orc warrior's attack.
You hit the orc warrior. You burn the orc warrior.
The orc warrior is moderately wounded.
The orc warrior hits you with a +0 short sword.
* * * LOW HITPOINT WARNING * * *
The orc warrior attacks as you move away!
The orc warrior hits you but does no damage.
The orc warrior attacks as you move away!
The orc warrior hits you with a +0 short sword.
* * * LOW HITPOINT WARNING * * *
The orc warrior attacks as you move away!
The orc warrior hits you with a +0 short sword!
You die...

## # +.# .#
#..###. #....
##...######
#....))...#
#.#######.###
####.##### #.o.#
....o.o..# ###@#
#...####)#####.###
. #...oo....)#
#..........#
#..........#
#..........#
#..........#
############


You could see an orc warrior.

Vanquished Creatures
  A black bear (D:4)
  2 centaurs
  A scorpion (D:4)
  2 hounds
  Natasha (twice) (D:2)
  An orc wizard (D:7)
  8 gnolls
  2 adders (D:3)
  A worm (D:4)
  A dart slug (D:4)
  5 orcs
  6 endoplasms
  6 giant cockroaches
  4 goblins
  7 hobgoblins
  8 kobolds
  4 quokkas
  7 ball pythons
  6 bats
  4 frilled lizards
  2 rats
80 creatures vanquished.

Notes
Turn   | Place    | Note
-------+----------+-------------------------------------------
     0 | D:1      | Sneforious the Gargoyle Fighter began the quest for the
                  | Orb.
     0 | D:1      | Reached XP level 1. HP: 14/14 MP: 1/1
   214 | D:1      | Reached XP level 2. HP: 9/19 MP: 2/2
  1421 | D:1      | Found Gygest's Jewellery Shoppe.
  1528 | D:1      | Reached XP level 3. HP: 17/23 MP: 3/3
  1528 | D:1      | Noticed a golden eye
  1530 | D:1      | Found a faded altar of an unknown god.
  1531 | D:1      | Noticed a great orb of eyes
  1531 | D:1      | Noticed a great orb of eyes
  1531 | D:1      | Noticed a shining eye
  2044 | D:2      | Noticed Natasha
  2050 | D:2      | Killed Natasha
  2051 | D:2      | Reached XP level 4. HP: 25/29 MP: 4/4
  2437 | D:2      | Learned a level 3 spell: Ignite Poison
  2750 | D:2      | Noticed Natasha
  2760 | D:2      | Killed Natasha
  3151 | D:3      | Found a glowing drain.
  3216 | D:3      | Reached XP level 5. HP: 25/33 MP: 5/5
  3539 | D:3      | Noticed a centaur
  3548 | D:3      | Killed a centaur
  3791 | D:3      | Reached XP level 6. HP: 36/38 MP: 6/6
  3857 | D:4      | Found Kentas's Magic Scroll Shop.
  4350 | D:4      | Found Poeni's Distillery.
  4355 | D:4      | Found Hataph's Book Boutique.
  4676 | D:4      | Noticed a black bear
  4686 | D:4      | Killed a black bear
  4687 | D:4      | Reached skill level 5 in Maces & Flails
  4687 | D:4      | Reached XP level 7. HP: 42/44 MP: 7/7
  4903 | D:4      | Bought a scroll of enchant weapon for 82 gold pieces
  4988 | D:4      | Found Gasas's Antique Weapon Shoppe.
  5035 | D:4      | Reached skill level 5 in Armour
  5156 | D:4      | Found a sparkling altar of Nemelex Xobeh.
  5157 | D:4      | Found an opulent altar of Gozag.
  5195 | D:4      | You fall into a shaft and drop 3 floors!
  5217 | D:7      | Reached skill level 1 in Polearms
  5266 | D:7      | Slain by an orc warrior

Illustrated notes

Levels and vault maps discovered:
D:1:      minmay_arrival_split_and_join, layout_basic, serial_shops, shop,
          hellmonk_ecumenical_altar_watching_god
D:2:      layout_loops_ring, uniq_natasha
D:3:      layout_loops_cross, gup_sewer_entry_glass, chequers_garden
D:4:      layout_rooms, grunt_temple_overflow_opulence, serial_shops, shop,
          nicolae_shop_temple_entry_statues_fountains,
          nicolae_inconvenience_store, nicolae_stop_n_shop_2,
          supply_closet_lemuel
D:7:      layout_rooms, minmay_temple_entry_hall, serial_shops, shop

Skill      XL: |  1  2  3  4  5  6  7 |
---------------+----------------------+-----
Armour         | 4 5 |  5.3
Maces & Flails | 3 4 5 |  5.5
Fighting       | 4 |  4.7
Polearms       | 1 |  1.0
Throwing       | |  0.2
Dodging        | |  0.4
Stealth        | |  0.4
Shields        | |  3.9

Action                   |  1- 3 |  4- 6 |  7- 9 || total
-------------------------+-------+-------+-------++-------
Melee: Flail             |   107 |   139 |       ||   246
       Spear             |       |     9 |    63 ||    72
Throw: Stone             |     4 |       |     2 ||     6
  Use: Potion            |     1 |       |     1 ||     2
       Scroll            |     2 |     3 |       ||     5
Armor: Scale mail        |    60 |   106 |    33 ||   199
Dodge: Dodged            |    49 |   104 |    25 ||   178
Block: Buckler           |    20 |    38 |    13 ||    71
